[Event "GrandPrix_29.05"]
[Site "Chess.com"]
[Date "2020.05.29"]
[Round "2"]
[White "TheJoker64"]
[Black "TheEternalPatzer"]
[Result "1-0"]
[WhiteElo "2373"]
[BlackElo "1953"]
[TimeControl "600+2"]
[EndTime "9:57:16 PDT"]
[Termination "TheJoker64 won on time"]

1. e4 d6 2. d4 Nf6 3. Nc3 g6 4.
g3 Bg7 5. Bg2 O-O 6. Nge2 Nc6 7.
h3 e5 8. Be3 exd4 9. Nxd4 Bd7 10. Nde2 Ne5 11. b3 Bc6 12. O-O Re8 13. Nd4 Ned7 14.
Nxc6 bxc6 15. Re1 c5 16. Qd2 Rb8 17. Rad1 a5 18. f4 Nf8 19. Qd3 Ne6 20. Ne2 Qe7 21. Bf2 Nh5 22. Bf3 Qf6 23. Bxh5 gxh5 24. h4 a4 25. f5 Nd4 26. Nxd4 cxd4 27. Qf3 c5 28.
Qxh5 axb3 29. axb3 Re5 30. g4 Qe7 31. g5 f6 32. Qg4 Re8 33. gxf6 Qxf6 34. Bg3 R5e7 35. h5 Kh8 36. Bh4 Qh6 37. Bxe7 Rxe7 38. Re2 Bf6 39. Qh3 d5 40. Rde1 Qg5+ 41. Rg2 Qf4 42. Qg4 Qxg4 43.
Rxg4 c4 44. bxc4 dxc4 45. Rb1 h6 46. Rb6 Bg5 47. f6 1-0

[Event "GrandPrix_29.05"]
[Site "Chess.com"]
[Date "2020.05.29"]
[Round "2"]
[White "Korona_91"]
[Black "Belka1989"]
[Result "0-1"]
[WhiteElo "2051"]
[BlackElo "2397"]
[TimeControl "600+2"]
[EndTime "9:57:16 PDT"]
[Termination "Belka1989 won by resignation"]

1. e4 c5 2. Nf3 d6 3. Bb5+ Bd7 4.
c4 Nc6 5. Nc3 Nf6 6. d4 cxd4 7.
Nxd4 e6 8. O-O Be7 9. Be3 O-O 10. Rc1 a6 11. Bxc6 bxc6 12. c5 d5 13. e5 Ne8 14.
Na4 Rb8 15. b3 Nc7 16. f4 Nb5 17. Qg4 Nxd4 18. Bxd4 f5 19. Qe2 Bc8 20. Rc3 h6 21. Nb6 Kh7 22. b4 Rg8 23. a4 Qe8 24. Ra1 g5 25. fxg5 Rxg5 26. b5 axb5 27. axb5 cxb5 28. c6 b4 29. Rcc1 Rg4 30. Qd3 Bg5 31. Ra7+ Kg8 32. Rc2 b3 33. Qxb3 Rxd4 34. h4 Rd1+ 35. Kh2 Qh5 36.
g3 f4 37. Rg2 f3 38. Qxd1 Rxb6 39. Ra3 Rxc6 40. Qxf3 Qxf3 41. Rxf3 Be7 42. Ra2 Rc7 43.
Kh3 Kg7 44. g4 d4 45. Rd3 Rc3 46. Rd2 Rxd3+ 47. Rxd3 Bc5 48. g5 hxg5 49. hxg5 Ba6 50. Rd1 Be2 51. Rc1 d3 52. Rxc5 d2 53. Rc7+ Kg6 54. Rd7 d1=Q 55. Rxd1 Bxd1 0-1

[Event "GrandPrix_29.05"]
[Site "Chess.com"]
[Date "2020.05.29"]
[Round "2"]
[White "komandoras123"]
[Black "pheonixking2000"]
[Result "0-1"]
[WhiteElo "2350"]
[BlackElo "2402"]
[TimeControl "600+2"]
[EndTime "9:57:17 PDT"]
[Termination "pheonixking2000 won on time"]

1. c4 e6 2. Nc3 d5 3. d4 Nf6 4.
cxd5 exd5 5. Bg5 c6 6. e3 Bd6 7. Bd3 O-O 8. Nge2 Re8 9. h3 Nbd7 10. Qc2 Nf8 11. O-O Ng6 12. Rab1 h6 13. Bxf6 Qxf6 14.
e4 Qg5 15. e5 Bxh3 16. Ng3 Nh4 17. gxh3 Nf3+ 18. Kg2 Nxd4 19. Qd1 Bxe5 20. Qg4 Ne6 21. Nce2 Bxg3 22. Qxg5 hxg5 23. fxg3 Nc5 24. Nc1 g6 25. Bc2 f5 26. Nb3 Nxb3 27. Bxb3 Kg7 28. Rbe1 Kf6 29. Kf2 Rh8 30. Rh1 Rh7 31. h4 Rah8 32. hxg5+ Kxg5 33. Rxh7 Rxh7 34. Kg2 Kf6 35. Re8 Re7 36. Rf8+ Kg5 37.
Kf2 Rh7 38. Kg2 Rd7 39. Kf3 c5 40. Ba4 Re7 41. Re8 Rxe8 42. Bxe8 Kf6 43. a4 g5 44. Bd7 Ke5 45. Bc8 b6 46. Ba6 d4 47. Bc4 g4+ 48. Kf2 f4 49. gxf4+ Kxf4 50. Bd5 d3 51.
Bg2 g3+ 52. Ke1 c4 53. Kd2 a6 54. Bb7 b5 55. a5 b4 56. b3 Ke5 0-1

[Event "GrandPrix_29.05"]
[Site "Chess.com"]
[Date "2020.05.29"]
[Round "2"]
[White "Borsuk_Konstantin"]
[Black "gliglu"]
[Result "0-1"]
[WhiteElo "1783"]
[BlackElo "2452"]
[TimeControl "600+2"]
[EndTime "9:57:28 PDT"]
[Termination "gliglu won by resignation"]

1. d4 Nf6 2. c4 e6 3. Nc3 Bb4 4. Qc2 O-O 5. a3 Bxc3+ 6. Qxc3 d6 7. g3 e5 8. d5 a5 9. Bg2 Nbd7 10. Nf3 Nc5 11. O-O a4 12. Nd2 Bd7 13. b4 axb3 14. Nxb3 Na4 15. Qc2 b6 16. h3 Qe7 17. Bg5 h6 18. Bd2 e4 19. Be3 Rfe8 20. Bd4 Nc5 21.
Nxc5 bxc5 22. Bc3 Ra4 23. Bb2 Rea8 24. e3 Bf5 25. Kh2 Nd7 26. Qb3 Nb6 27. Rfc1 Bc8 28. Qc3 f6 29. Bf1 Bd7 30. Qd2 c6 31. dxc6 Bxc6 32.
Rab1 R4a6 33. Rd1 Rd8 34. Rdc1 Nd7 35. Rd1 Ne5 36. Bxe5 Qxe5 37. Qc1 Rda8 38. Qd2 Ba4 39. Qd5+ Kf8 40. Qxe5 fxe5 41. Rd2 Ke7 42. Rb7+ Bd7 43. Bg2 R8a7 44. Rxa7 Rxa7 45. Bxe4 Rxa3 46. Bd5 Be6 47.
Bxe6 Kxe6 48. Rc2 e4 49. Kg2 Ke5 50. Kf1 g5 51. Ke2 Ra1 52. Rb2 Rc1 53. Kd2 Rxc4 54. Rb8 Ra4 55. Rh8 Ra2+ 56. Ke1 c4 57. Rxh6 c3 58. Rh8 Ra1+ 59. Ke2 c2 0-1

[Event "GrandPrix_29.05"]
[Site "Chess.com"]
[Date "2020.05.29"]
[Round "2"]
[White "mikolka1985"]
[Black "Sanan_Sjugirov"]
[Result "0-1"]
[WhiteElo "2357"]
[BlackElo "2876"]
[TimeControl "600+2"]
[EndTime "9:57:29 PDT"]
[Termination "Sanan_Sjugirov won by resignation"]

1. d4 Nf6 2. c4 e6 3. Nf3 d5 4.
Nc3 Nbd7 5. cxd5 exd5 6. Bg5 Bb4 7. e3 c5 8. Be2 Qa5 9. O-O Bxc3 10. bxc3 Ne4 11.
c4 dxc4 12. Bxc4 O-O 13. Qc2 Re8 14. Bd3 Nxg5 15. Nxg5 h6 16. Nxf7 Kxf7 17. Bg6+ Kf8 18. Bxe8 Kxe8 19. Qe4+ Kf8 20. Rfc1 cxd4 21. Qxd4 Qe5 22.
Qb4+ Qe7 23. Qf4+ Qf6 24. Qc7 Ne5 25. Rd1 Bg4 26. Rd4 Kg8 27. Qxb7 Rf8 28. Rf1 Bf3 29. Qb3+ Rf7 30. Rf4 Qg5 31. g3 Bc6 32. Rxf7 Nxf7 33. Rc1 Qg6 34. Qc2 Be4 35. Qc8+ Kh7 36. Qe8 Qf5 37.
f4 Bd5 38. Qc8 Qg6 39. Qc5 Be4 40. Qd4 Qe6 41. Rc7 Bg6 42. Rc1 Qxa2 43. e4 Qa3 44. f5 Qxc1+ 0-1

[Event "GrandPrix_29.05"]
[Site "Chess.com"]
[Date "2020.05.29"]
[Round "2"]
[White "Grebnev_A"]
[Black "AsadliVugar"]
[Result "0-1"]
[WhiteElo "2160"]
[BlackElo "2236"]
[TimeControl "600+2"]
[EndTime "9:57:32 PDT"]
[Termination "AsadliVugar won by checkmate"]

1. c4 g6 2. Nc3 Bg7 3. g3 d6 4. Bg2 Nf6 5. Nf3 O-O 6. O-O Nc6 7. d3 Nh5 8. Rb1 f5 9. Bd2 a5 10. a3 f4 11. b4 axb4 12. axb4 Bg4 13. b5 Nd4 14. Nd5 Bxf3 15. exf3 e5 16. Bc3 Ne6 17. Bh3 Ng5 18. Bg4 Nf6 19. Nxf6+ Qxf6 20. h4 Ne6 21. Kg2 h5 22. Bh3 g5 23. Bxe6+ Qxe6 24. hxg5 Qg6 25. Rh1 Qxg5 26. Ra1 Rxa1 27. Bxa1 Rf6 28.
Qe1 Rg6 29. Rh3 c6 30. bxc6 bxc6 31. Qe4 c5 32. Bc3 Bf6 33. Qd5+ Kg7 34. Qxd6 Qf5 35.
Qd5 fxg3 36. fxg3 h4 37. Qe4 Qg5 38. Be1 Qc1 39. Bf2 Qd2 40. Qe3 Qc2 41. Qe4 Qd2 42.
g4 Qc2 43. Rh1 Rh6 44. Qb7+ Kg6 45. Qe4+ Kg7 46. Rh3 Rg6 47. Qb7+ Kh6 48. Rh1 Bg5 49. Qe4 Rf6 50. Rf1 Qd2 51. Qxe5 h3+ 52. Kxh3 Qxd3 53. Kg2 Qxf3+ 54. Kg1 Qxg4+ 55. Qg3 Qxc4 56. Re1 Rg6 57. Qh3+ Kg7 58. Bg3 Bf4 59. Qd7+ Kh6 60. Qh3+ Kg7 61. Qd7+ Kf6 62. Qc6+ Kg5 63. Bh4+ Kh5+ 64.
Qxg6+ Kxg6 65. Bf2 Qd5 66. Kf1 c4 67. Ke2 Qd3# 0-1

[Event "GrandPrix_29.05"]
[Site "Chess.com"]
[Date "2020.05.29"]
[Round "2"]
[White "Yurovskykh_Alexander"]
[Black "GeorgMeier"]
[Result "0-1"]
[WhiteElo "2236"]
[BlackElo "2645"]
[TimeControl "600+2"]
[EndTime "9:57:34 PDT"]
[Termination "GeorgMeier won by resignation"]

1. d4 e6 2. Nf3 Nf6 3. Bf4 Be7 4. e3 Nh5 5. Bg3 d6 6. c4 b6 7. Nc3 Bb7 8. Be2 Nd7 9. Qc2 a6 10.
O-O-O g6 11. Ne1 Nxg3 12. hxg3 Kf8 13. Bf3 c6 14. Nd3 Kg7 15. g4 Rc8 16. Kb1 d5 17. cxd5 cxd5 18. Qe2 b5 19. e4 b4 20. Na4 Qa5 21. Nac5 Nxc5 22. dxc5 Rcd8 23. e5 h6 24. g3 Bc6 25. Bg2 Bb5 26. Qd2 Bc4 27. b3 Bxd3+ 28. Qxd3 Qxc5 29. Qd4 Qxd4 30. Rxd4 Rc8 31. Rc1 Rxc1+ 32.
Kxc1 Rc8+ 33. Kd1 Rc3 34. f3 Bc5 35. Rd2 Be3 36. Rc2 Rxc2 37. Kxc2 Bf2 38. Bf1 Bxg3 39. Bxa6 Bxe5 40. Be2 h5 41. gxh5 gxh5 42. f4 Bxf4 43. Bxh5 f5 44. Be8 Kf6 45. Bd7 Ke7 46. Bc8 Bd6 47.
Kd3 Bc5 48. Ke2 Kf6 49. Bb7 d4 50. Bc8 e5 51. Kd3 e4+ 52. Kc4 d3 53. Kxc5 d2 0-1

[Event "GrandPrix_29.05"]
[Site "Chess.com"]
[Date "2020.05.29"]
[Round "2"]
[White "SoltaniciR"]
[Black "Alex_Krayz"]
[Result "0-1"]
[WhiteElo "1899"]
[BlackElo "2198"]
[TimeControl "600+2"]
[EndTime "9:57:39 PDT"]
[Termination "Alex_Krayz won by resignation"]

1. e4 e6 2. d4 d5 3. Nd2 Nf6 4.
e5 Nfd7 5. Bd3 c5 6. c3 Nc6 7.
Ngf3 Be7 8. O-O g5 9. dxc5 g4 10. Nd4 Ncxe5 11. Bc2 Bxc5 12. f4 Bxd4+ 13. cxd4 Nc6 14. f5 Nf6 15. fxe6 Bxe6 16. Nb3 Ne4 17. Nc5 Nxc5 18. dxc5 Qe7 19. b4 O-O-O 20. Rb1 d4 21. Bf4 d3 22. Bxd3 Nxb4 23. Rxb4 Qxc5+ 24. Kh1 Qxb4 25. Qc2+ Kd7 26. Qc7+ Ke8 27. Bc2 Qc4 28. Qxc4 Bxc4 29.
Re1+ Kd7 30. Kg1 h5 31. Bf5+ Kc6 32. Rc1 b5 33. a4 a6 34. a5 Rhe8 35. h3 gxh3 36.
Bxh3 Rd4 37. g3 Kc5 38. Kf2 Rde4 39. Bc7 Re2+ 40. Kf3 R8e3+ 41. Kf4 Re4+ 42. Kg5 b4 43. Bf1 b3 44. Bxe2 Rxe2 45. Bb6+ Kb4 46. Bd4 b2 47. Rb1 Kb3 48. Kxh5 Bd3 49. Rxb2+ Rxb2 50. Bxb2 Kxb2 51. Kg5 Bc4 0-1

[Event "GrandPrix_29.05"]
[Site "Chess.com"]
[Date "2020.05.29"]
[Round "2"]
[White "ValeriyGrinev"]
[Black "madamDD"]
[Result "0-1"]
[WhiteElo "2047"]
[BlackElo "2542"]
[TimeControl "600+2"]
[EndTime "9:57:41 PDT"]
[Termination "madamDD won by resignation"]

1. c4 b6 2. d4 Bb7 3. Nc3 Nf6 4. d5 e6 5. a3 a5 6. e4 exd5 7. exd5 Bc5 8. Be2 h6 9. Nf3 O-O 10. O-O c6 11. d6 Re8 12. Na4 Bxd6 13. Qxd6 Rxe2 14. Be3 c5 15. Qd3 Bxf3 16. gxf3 Rxe3 17.
fxe3 Nc6 18. Qd6 Ne8 19. Qf4 d6 20. Rad1 Ne5 21. Nc3 Ng6 22. Qe4 Nf6 23. Qc6 Ne5 24. Qb5 Nh5 25. f4 Ng4 26. Rf3 Qh4 27. h3 Ngf6 28. Qxb6 Ng3 29. Kg2 Nf5 30. Qb3 Re8 31. Nd5 Ne4 32. Qd3 Re6 33. Kh2 Qh5 34. Qf1 Nh4 35. Rg3 Nxg3 36. Kxg3 Rg6+ 37. Kf2 Qf3+ 38. Ke1 Qe4 39. Rd2 Nf3+ 40. Kd1 Rg1 41. Qxg1 Nxg1 42.
Nc3 Qxe3 43. Rxd6 Qxf4 44. Rd8+ Kh7 45. Kc2 Qxc4 46. Rd5 Ne2 47. Rd3 Nxc3 48. Rxc3 Qe4+ 49. Kb3 a4+ 50. Ka2 c4 51. Ka1 f5 52. Ka2 f4 53.
h4 f3 54. h5 f2 55. Rc1 Qd3 56. b4 cxb3+ 57. Kb2 f1=Q 0-1

[Event "GrandPrix_29.05"]
[Site "Chess.com"]
[Date "2020.05.29"]
[Round "2"]
[White "GM_dmitrij"]
[Black "0plaksin0"]
[Result "1-0"]
[WhiteElo "2563"]
[BlackElo "2193"]
[TimeControl "600+2"]
[EndTime "9:57:44 PDT"]
[Termination "GM_dmitrij won by resignation"]

1. e4 c5 2. Nf3 d6 3. d4 cxd4 4. Nxd4 Nf6 5. Nc3 g6 6. Be3 Bg7 7. Be2 O-O 8. Qd2 Nc6 9. O-O-O Nxd4 10. Bxd4 Be6 11. h4 Qa5 12. a3 Rfc8 13. Kb1 Rab8 14. Bf3 b5 15. Nd5 Qxd2 16. Rxd2 Bxd5 17. exd5 Rb7 18.
h5 Nd7 19. Bg4 f5 20. Bd1 b4 21. axb4 Rxb4 22. c3 Rb7 23. Re1 Ne5 24. Be2 Rcb8 25. Ba6 Rc7 26. Rde2 g5 27. Kc2 Bf6 28. Ra1 Nd7 29. Rd2 Bxd4 30. Rxd4 Nc5 31. Bc4 Kf7 32. f3 Kf6 33. b4 Nd7 34. Kb3 Ne5 35. Be2 f4 36. c4 Rcb7 37. Ra4 Nd7 38. Kc3 Ke5 39. Rd1 h6 40. Re1 Kf6 41. Rea1 Ne5 42. b5 Ra8 43. Kd4 Nd7 44. R4a3 Nc5 45. Bd1 Nd7 46. Ra6 Nc5 47. Rc6 Nd7 48. Bc2 Nc5 49. Ra3 Nd7 50. Raa6 Nc5 51. Rxc5 e5+ 52. Kc3 Rb6 53. Rc6 Rxa6 54.
Rxa6 1-0

[Event "GrandPrix_29.05"]
[Site "Chess.com"]
[Date "2020.05.29"]
[Round "2"]
[White "Zubrrr"]
[Black "Artur0208"]
[Result "0-1"]
[WhiteElo "2590"]
[BlackElo "2327"]
[TimeControl "600+2"]
[EndTime "9:57:45 PDT"]
[Termination "Artur0208 won by resignation"]

1. d4 d5 2. c4 e6 3. Nf3 Nf6 4. g3 dxc4 5. Bg2 Nc6 6. Qa4 Bb4+ 7. Bd2 Nd5 8. Qb5 O-O 9. Qxc4 Nb6 10. Qd3 Bxd2+ 11.
Nbxd2 e5 12. dxe5 Qxd3 13. exd3 Rd8 14. O-O Rxd3 15. Nb3 Bg4 16. Ng5 h6 17. Ne4 Nxe5 18. Nec5 Rd6 19. Nxb7 Rf6 20. f4 Nec4 21. Rf2 Re8 22.
h3 Bc8 23. N7c5 Re3 24. Kh2 h5 25. Rc1 Rg6 26. Bf3 Nxb2 27. f5 Rg5 28. g4 hxg4 29.
hxg4 g6 30. Ne4 Nd3 31. Nxg5 Nxf2 32. Rxc7 f6 33. Bd5+ Nxd5 34. Rxc8+ Kg7 35. Ne6+ Kf7 36.
Rf8+ Ke7 37. fxg6 Nxg4+ 38. Kh1 Kxe6 39. g7 Rh3+ 40. Kg1 Rg3+ 41. Kf1 Nge3+ 42. Kf2 Rxg7 43.
Nd4+ Ke5 44. Nf3+ Kf4 45. Ne1 Rb7 46. Nd3+ Kf5 47. Re8 Nc4 48. Rh8 Ne5 49. Nc5 Rb2+ 50. Ke1 Nf3+ 51. Kd1 Ne3+ 52. Kc1 Rc2+ 53. Kb1 Rxc5 0-1

[Event "GrandPrix_29.05"]
[Site "Chess.com"]
[Date "2020.05.29"]
[Round "2"]
[White "wnstop"]
[Black "kotmizer"]
[Result "0-1"]
[WhiteElo "2161"]
[BlackElo "2259"]
[TimeControl "600+2"]
[EndTime "9:57:48 PDT"]
[Termination "kotmizer won by resignation"]

1. e4 e5 2. Nf3 Nc6 3. Bc4 Nf6 4. d3 Be7 5. O-O O-O 6. Re1 d6 7. a4 h6 8. h3 Kh8 9. Nc3 Ng8 10. Nd5 f5 11. b4 fxe4 12. dxe4 Bf6 13. b5 Na5 14. Bf1 b6 15. Bd2 Nb7 16. Nh2 Ne7 17. Nxf6 Rxf6 18. f4 exf4 19. Bc3 Ng6 20. Bxf6 Qxf6 21. Bc4 Na5 22.
Bd5 Rb8 23. Qh5 Bd7 24. Nf3 Re8 25. Rad1 Re7 26. Kh1 c6 27. Ba2 cxb5 28. axb5 Nb7 29.
Bd5 Nc5 30. c4 Kh7 31. Nd4 Re5 32. Qe2 Rg5 33. Nf3 Rh5 34. Nh2 Rg5 35. Nf3 Rg3 36. e5 dxe5 37. Nxe5 Bxh3 38. gxh3 Rxh3+ 39. Kg1 Re3 40. Ng4 Qg5 41. Qg2 Rg3 42. Qxg3 fxg3 43. Rd4 h5 44. Ne3 Nf4 45. Ng2 Nh3+ 46. Kh1 Nf2+ 47. Kg1 Ng4 48. Rf4 Nd3 49. Rf8 Nxe1 50. Be4+ g6 51.
Nxe1 Qe3+ 52. Kg2 Qxe4+ 53. Kh3 Qxe1 0-1

[Event "GrandPrix_29.05"]
[Site "Chess.com"]
[Date "2020.05.29"]
[Round "2"]
[White "khekhm"]
[Black "Baron_von_Koenig"]
[Result "1/2-1/2"]
[WhiteElo "2382"]
[BlackElo "2207"]
[TimeControl "600+2"]
[EndTime "9:57:52 PDT"]
[Termination "Game drawn by agreement"]

1. e4 d5 2. exd5 Qxd5 3. Nc3 Qd8 4. d4 Qd6 5. Nf3 Nf6 6. h3 a6 7. Bc4 b5 8. Bb3 Bb7 9. O-O c5 10. dxc5 Qxd1 11. Rxd1 e6 12. Ne5 Bxc5 13. Bg5 Nbd7 14. Nxd7 Nxd7 15. a4 b4 16. Ne2 Nf6 17. Bxf6 gxf6 18.
a5 Ke7 19. Kf1 Rhg8 20. f3 Rad8 21. Nf4 Rd4 22. Nd3 Ba7 23. Nf2 f5 24. Rd3 Bc6 25.
Rxd4 Bxd4 26. Bc4 Bxb2 27. Rb1 Bc3 28. Nd3 Rb8 29. Bxa6 Ra8 30. Bc4 Rxa5 31. Nxb4 Bd7 32. Nd3 Kf6 33. Ke2 Ba4 34. Bb3 Bb5 35. Ke3 Ba6 36. Nf4 Re5+ 37. Kf2 Bd4+ 38. Kg3 Re3 39.
Kh4 Rc3 40. Nd3 Bxd3 41. cxd3 Bf2+ 42. Kh5 Rxd3 43. Kh6 Be3+ 44. Kxh7 Rd2 45. g4 Rh2 46. gxf5 Rxh3+ 47. Kg8 exf5 48. Bd5 Rg3+ 49. Kf8 Bc5+ 50. Ke8 Rg8+ 51. Kd7 Bd4 52. Rb7 Rg7 53. Ke8 Ke5 54.
Bxf7 Kf4 55. Bd5 Rxb7 56. Bxb7 1/2-1/2

[Event "GrandPrix_29.05"]
[Site "Chess.com"]
[Date "2020.05.29"]
[Round "2"]
[White "EvgenyPigusov"]
[Black "Murad_Ibrahimli"]
[Result "0-1"]
[WhiteElo "2232"]
[BlackElo "2641"]
[TimeControl "600+2"]
[EndTime "9:57:56 PDT"]
[Termination "Murad_Ibrahimli won on time"]

1. Nf3 Nf6 2. c4 e6 3. g3 d5 4. Bg2 Be7 5. O-O O-O 6. b3 b6 7. Bb2 Bb7 8. e3 c5 9. Nc3 Nc6 10. cxd5 exd5 11. d4 Re8 12. Rc1 Bf8 13. dxc5 bxc5 14.
Na4 Ne4 15. Nd2 Qa5 16. Nxe4 dxe4 17. Qg4 Ne5 18. Bxe5 Rxe5 19. Rfd1 Bc6 20. Nc3 Rae8 21. Qe2 g6 22. Bf1 Rd8 23. Rxd8 Qxd8 24. Qd1 Qf6 25.
Bc4 Re8 26. Nd5 Qe5 27. Rc2 Kg7 28. Rd2 g5 29. Qh5 Re6 30. Qd1 Rd6 31. Nc3 Rf6 32. Qc2 Rd6 33. Rxd6 Bxd6 34. Qd2 f5 35. Bd5 Be8 36. Bc4 Bh5 37. Be2 Bg6 38. Nb5 Qa1+ 39. Kg2 Be5 40. Nxa7 Bc3 41. Qc2 f4 42. gxf4 gxf4 43. exf4 e3 44. f5 exf2 45. Bf1 Bf7 46. Qxf2 Bd5+ 47. Kh3 Be5 48. Nb5 Qc1 49. f6+ Kh8 50.
f7 Qh6+ 51. Kg4 Qg6+ 52. Kh4 Bf6+ 53. Kh3 Be6+ 0-1

[Event "GrandPrix_29.05"]
[Site "Chess.com"]
[Date "2020.05.29"]
[Round "2"]
[White "ZefirKa"]
[Black "VladimirPotkin"]
[Result "1/2-1/2"]
[WhiteElo "2145"]
[BlackElo "1981"]
[TimeControl "600+2"]
[EndTime "9:57:57 PDT"]
[Termination "Game drawn by agreement"]

1. e4 c5 2. Nf3 e6 3. d4 cxd4 4. Nxd4 Nc6 5. Nc3 Qc7 6. Be2 Nf6 7. a3 a6 8. Be3 Be7 9. Qd2 O-O 10. f4 b5 11. e5 Ne8 12. Nxc6 dxc6 13. Bf3 Rb8 14. a4 c5 15. axb5 axb5 16. O-O f6 17.
exf6 Nxf6 18. Qf2 Bd7 19. Ne4 Nxe4 20. Bxe4 Bc6 21. Bxc6 Qxc6 22. Ra7 Rf7 23. Rfa1 h6 24. Qe2 Qe4 25. Qf2 c4 26. Re1 Qf5 27. Qe2 Rbf8 28. h3 e5 29. Rxe7 Rxe7 30. Bc5 Rfe8 31. Bxe7 Rxe7 32. fxe5 Re6 33. c3 h5 34. Qe4 Qxe4 35.
Rxe4 Kf7 36. Kf2 Ra6 37. Kf3 Ke6 38. Kf4 Ra2 39. Re2 b4 40. Rd2 bxc3 41. Rd6+ Ke7 42.
bxc3 Rxg2 43. Rc6 Rf2+ 44. Kg3 Re2 45. Rxc4 Rxe5 46. Kf4 Re1 47. Kg5 Re5+ 48. Kf4 Ra5 49. Rc7+ Kf6 50. Rc6+ Kf7 51. h4 g6 52. Rc7+ Kf6 53.
Rc6+ Kf7 54. c4 Rf5+ 55. Kg3 g5 56. hxg5 Rxg5+ 57. Kh4 Rf5 58. Rc7+ 1/2-1/2

[Event "GrandPrix_29.05"]
[Site "Chess.com"]
[Date "2020.05.29"]
[Round "2"]
[White "Petriashvili02"]
[Black "Kezin_Roman"]
[Result "0-1"]
[WhiteElo "2196"]
[BlackElo "2602"]
[TimeControl "600+2"]
[EndTime "9:57:58 PDT"]
[Termination "Kezin_Roman won by resignation"]

1. d4 d5 2. c4 e6 3. Nf3 Nf6 4. g3 Be7 5. Bg2 O-O 6. O-O dxc4 7. Qc2 b5 8. a4 b4 9. Ne5 Qxd4 10. Nxc4 c6 11. Rd1 Qc5 12. Be3 Qh5 13. h3 Ba6 14. Nbd2 Nd5 15. g4 Qg6 16. Qxg6 hxg6 17. Kf1 Nd7 18.
Rac1 Rfc8 19. Nb3 Bxc4 20. Rxc4 N7b6 21. Rc2 Nxa4 22. Ra1 Nxe3+ 23. fxe3 Nb6 24. Bxc6 Rc7 25. Be4 Rxc2 26. Bxc2 Nc4 27. Be4 Rd8 28. Rxa7 Bh4 29. Kg2 Nxb2 30. Rb7 Be1 31. Nd4 Nc4 32. Nc6 Re8 33.
Ne7+ Kf8 34. Nc6 Nxe3+ 35. Kf3 Nc4 36. Bd3 Nd6 37. Rb6 Nc8 38. Rb8 Ne7 39. Rxe8+ Kxe8 40. Nxe7 Kxe7 41. Ke4 b3 42. Bc4 b2 43. Ba2 Kf6 44. Kd3 Bg3 45. Kc2 Be5 46. Bc4 Kg5 47. Bb5 Kh4 48. Be8 f6 49. Bxg6 Kxh3 50. Bf7 Kxg4 51.
Bxe6+ Kf4 52. Ba2 Ke3 53. Kd1 g5 54. Ke1 g4 55. Bb1 g3 56. Kf1 Kd2 57. Kg2 Kc1 0-1

[Event "GrandPrix_29.05"]
[Site "Chess.com"]
[Date "2020.05.29"]
[Round "2"]
[White "Spartakus1975"]
[Black "MikaelyanArman1996"]
[Result "1/2-1/2"]
[WhiteElo "2286"]
[BlackElo "2452"]
[TimeControl "600+2"]
[EndTime "9:58:05 PDT"]
[Termination "Game drawn by repetition"]

1. e4 e5 2. Bc4 Nc6 3. Nc3 Nf6 4.
d3 Bb4 5. Nf3 d5 6. exd5 Nxd5 7.
Bd2 Nxc3 8. Bxc3 Bxc3+ 9. bxc3 O-O 10. O-O Bg4 11. Re1 Re8 12. Rb1 Na5 13. Bb3 Nxb3 14.
Rxb3 b6 15. Rb4 Bh5 16. g4 c5 17. Rc4 b5 18. Rce4 f5 19. Rxe5 Rxe5 20. Nxe5 fxg4 21.
Qb1 a6 22. Qb3+ Kh8 23. Nf7+ Bxf7 24. Qxf7 Qg8 25. Re7 Rf8 26. Qxg8+ Kxg8 27. Re4 c4 28. dxc4 Rc8 29. Rxg4 bxc4 30. Kf1 Kf7 31. Ke2 Kf6 32. Ke3 g5 33. h4 h6 34. hxg5+ hxg5 35. f4 gxf4+ 36. Rxf4+ Ke5 37. Rh4 Rg8 38. Rxc4 Rg2 39. Kd3 Kd5 40. Rc8 Rg3+ 41. Kd2 Rg1 42. c4+ Kd6 43. Kc3 Rg3+ 44. Kb4 Rg2 45. Kb3 Rg3+ 46. c3 Kd7 47. Rc5 Rg6 48. Kb4 Rg2 49. a4 Rb2+ 50.
Ka5 Rb3 51. Kxa6 Rxc3 52. a5 Rb3 53. Rb5 Rc3 54. Rc5 Kd6 55. Rc8 Kd7 56. Rc5 1/2-1/2

[Event "GrandPrix_29.05"]
[Site "Chess.com"]
[Date "2020.05.29"]
[Round "2"]
[White "ninullia"]
[Black "Grandelicious"]
[Result "0-1"]
[WhiteElo "2278"]
[BlackElo "2729"]
[TimeControl "600+2"]
[EndTime "9:58:11 PDT"]
[Termination "Grandelicious won by checkmate"]

1. d4 d5 2. c4 e6 3. Nf3 a6 4. e3 Nf6 5. Nc3 dxc4 6. Bxc4 b5 7. Bd3 Bb7 8. O-O Nbd7 9. a3 c5 10. Bd2 Bd6 11. Rc1 O-O 12. Bb1 cxd4 13. Nxd4 Ne5 14. Qe2 Nc4 15. Be1 Qb6 16. a4 Be5 17. axb5 Bxd4 18.
exd4 axb5 19. Bd3 Qxd4 20. Nxb5 Qd5 21. f3 Ne5 22. Be4 Nxe4 23. fxe4 Qxe4 24. Qxe4 Bxe4 25. Nc3 Bg6 26. Bg3 Nd3 27. Rc2 Rfc8 28. Rd2 Nxb2 29. Rxb2 Rxc3 30. Rb8+ Rxb8 31. Bxb8 f6 32. Rd1 Be4 33.
Rd2 Bd5 34. Kf2 Kf7 35. Rb2 g5 36. Bd6 Kg6 37. Rd2 h5 38. Rb2 h4 39. Rd2 h3 40. gxh3 Rxh3 41. Rb2 e5 42. Kg1 Rd3 43. Kf2 Kf5 44. Be7 Rf3+ 45. Kg1 Ke6 46. Bd8 Kd7 47. Bb6 g4 48. Rd2 Ke6 49. Bd8 Rb3 50. Kf2 f5 51. Rc2 f4 52. Bc7 Kf5 53. Re2 e4 54. Rc2 e3+ 55. Ke1 Rb1+ 56. Ke2 Bf3+ 57. Kd3 Be4+ 58. Ke2 Bxc2 59. h3 gxh3 60. Bxf4 Ke4 61. Bh2 Bd3# 0-1

[Event "GrandPrix_29.05"]
[Site "Chess.com"]
[Date "2020.05.29"]
[Round "2"]
[White "Misi_95"]
[Black "Matibar"]
[Result "0-1"]
[WhiteElo "2083"]
[BlackElo "2488"]
[TimeControl "600+2"]
[EndTime "9:58:11 PDT"]
[Termination "Matibar won by resignation"]

1. e4 d5 2. exd5 Qxd5 3. Nc3 Qd8 4. d4 Nf6 5. Nf3 g6 6. g3 Bg4 7. Bg2 c6 8. O-O Bg7 9. Re1 O-O 10. Bg5 Nbd7 11. h3 Bxf3 12. Qxf3 e6 13. Rad1 h6 14. Bc1 Qa5 15. a3 a6 16. Ne2 Qf5 17. Qxf5 gxf5 18.
Nf4 a5 19. a4 Nb6 20. b3 Nbd5 21. c4 Nxf4 22. Bxf4 Rfd8 23. Be5 Rd7 24. Rb1 Ne8 25. b4 axb4 26. Rxb4 Nd6 27. c5 Bxe5 28. dxe5 Nc8 29. Reb1 Ra7 30. a5 Ne7 31. Rb6 Rxa5 32. Rxb7 Rxb7 33. Rxb7 Kf8 34. Rb8+ Kg7 35. Rb7 Ng6 36.
Bxc6 Rxc5 37. Bd7 Rxe5 38. f4 Re4 39. Be8 Nh8 40. Kf2 Rd4 41. Bb5 Rd8 42. Be2 Ng6 43.
Bh5 Rd2+ 44. Kf3 Rd3+ 45. Kf2 Nh8 46. Be2 Ra3 47. Bh5 Ra2+ 48. Kf3 Ra8 49. Kf2 Kf6 50.
Kf3 Ra3+ 51. Kf2 Ng6 52. h4 Ne7 53. Kg2 Ra8 54. Kf2 Rf8 55. Kg2 Nd5 56. Kf2 Kg7 57. g4 Nf6 58. Kg3 Ne4+ 59. Kf3 Nf6 60. Kg3 Nxh5+ 61.
gxh5 Ra8 62. Rb8 Rxb8 0-1

[Event "GrandPrix_29.05"]
[Site "Chess.com"]
[Date "2020.05.29"]
[Round "2"]
[White "Forking_U"]
[Black "ENajer77"]
[Result "1/2-1/2"]
[WhiteElo "2172"]
[BlackElo "2297"]
[TimeControl "600+2"]
[EndTime "9:58:14 PDT"]
[Termination "Game drawn by repetition"]

1. e4 c6 2. d4 d5 3. e5 Bf5 4.
h4 h5 5. Bd3 Bxd3 6. Qxd3 Qa5+ 7. Bd2 Qa6 8. e6 Qxd3 9. exf7+ Kxf7 10. cxd3 e6 11. Nf3 Bd6 12. Ng5+ Ke7 13. O-O Na6 14. Bc3 Nh6 15. Nd2 Nf7 16. Nh3 Nc7 17. Rae1 Kd7 18.
Nf3 a5 19. Bd2 a4 20. a3 Ra6 21. Nf4 Rb6 22. Ng6 Re8 23. Bc1 Rb3 24. Re3 b6 25.
Nd2 Rb5 26. Rf3 Nh6 27. Nb1 Nf5 28. Nc3 Rb3 29. Nxa4 Nxd4 30. Rf7+ Kc8 31. Rxg7 Ne2+ 32. Kh1 b5 33. Nb6+ Kb7 34. Nd7 Rxd3 35. Bg5 Rb3 36. Rb1 Nc3 37. Rc1 Ne4 38. Be3 Ng3+ 39. fxg3 Rxe3 40. Nf4 d4 41. Nc5+ Kb6 42. b4 Rxa3 43. Nd7+ Kb7 44. Nc5+ Kc8 45. Re1 e5 46. Nxh5 d3 47.
Nf6 Rd8 48. Nfe4 d2 49. Nxd6+ Rxd6 50. Rd1 Na6 51. Rg8+ Kc7 52. Rg7+ Kb8 53. Rg8+ Ka7 54. Rg7+ Kb8 55. Rg8+ Kc7 56. Rg7+ Kc8 57. Rg8+ Kc7 1/2-1/2

[Event "GrandPrix_29.05"]
[Site "Chess.com"]
[Date "2020.05.29"]
[Round "2"]
[White "Evgeny81"]
[Black "anesar92"]
[Result "1-0"]
[WhiteElo "2568"]
[BlackElo "2101"]
[TimeControl "600+2"]
[EndTime "9:58:15 PDT"]
[Termination "Evgeny81 won by resignation"]

1. d4 Nf6 2. c4 g6 3. Nc3 Bg7 4.
e4 d6 5. Nf3 O-O 6. Be2 e5 7. d5 Na6 8. Be3 Ng4 9. Bg5 f6 10. Bh4 h5 11. Nd2 Nh6 12. f3 g5 13.
Bf2 f5 14. exf5 Nxf5 15. Nde4 Nd4 16. O-O Bf5 17. Be3 Nxe2+ 18. Nxe2 g4 19. N2g3 Bg6 20.
fxg4 Rxf1+ 21. Kxf1 Qh4 22. h3 Rf8+ 23. Kg1 hxg4 24.
Qxg4 Qxg4 25. hxg4 Nb4 26. Bd2 Nd3 27. b3 Nf4 28.
Re1 b6 29. Re3 a5 30. Rf3 Ne2+ 31. Nxe2 Bxe4 32. Rxf8+ Kxf8 33. Nc3 Bd3 34. Nb5 e4 35. Bc3 Bh6 36. Nxc7 Be3+ 37. Kh2 Bf2 38. Bd4 e3 39. Bxb6 Bb1 40. a3 Ba2 41. Ne6+ Ke7 42. Nd4 a4 43.
bxa4 Bxc4 44. Nf5+ Kd7 45. Nxe3 Bxe3 46. Bxe3 Bxd5 47.
g5 Ke6 48. Kg3 Kf5 49. a5 Bb7 50. Kf2 d5 51. g4+ Kg6 52. Kg3 d4 53. Bd2 Kf7 54. Kf4 Ke6 55. Be1 Ba8 56. Bb4 Bb7 57. Bd2 Ba8 58. a6 Bc6 59. a7 Ba8 60. Kg3 Bb7 61.
Kh4 Kf7 62. Kh5 Kg7 63. Bf4 d3 64. Bd2 Kf7 65. g6+ Kg8 66. Kg5 Kg7 67. Bc3+ Kg8 68. Kf6 1-0